 Dungeon Crawl Stone Soup version 0.27-a0-334-g52645efa06 (webtiles) character file.

Game seed: 2476353775323724076

1953 sahdkjhfkaj the Cleaver (level 8, 0/74 HPs)
             Began as a Deep Dwarf Fighter on Feb 13, 2021.
             Was an Initiate of Makhleb.
             Slain by an orc warrior
             ... wielding a +0 battleaxe
              (18 damage)
             ... in a bailey.
             The game lasted 00:09:16 (2918 turns).

sahdkjhfkaj the Cleaver (Deep Dwarf Fighter)        Turns: 2918, Time: 00:09:17

Health: 0/74       AC: 13    Str: 22    XL:     8   Next: 99%
Magic:  5/5        EV:  6    Int:  9    God:    Makhleb [......]
Gold:   60         SH: 10    Dex: 12    Spells: 7/7 levels left

rFire    + . .     SeeInvis .   a - +1 war axe (venom)
rCold    . . .     Faith    .   c - +0 kite shield
rNeg     . . .     Spirit   .   s - +0 plate armour
rPois    .         Reflect  .   (no helmet)
rElec    .         Harm     .   n - +0 cloak
rCorr    .         Rampage  .   (no gloves)
Will     +....                  (no boots)
Stlth    ..........             (no amulet)
HPRegen  0.00/turn              (no ring)
MPRegen  0.09/turn              f - ring of protection from fire

@: non-regenerating
A: damage resistance, heal wounds, sense surroundings 1, no regeneration
a: Heal Wounds, Renounce Religion


You were in a bailey.
You worshipped Makhleb.
Makhleb was noncommittal.
You visited 2 branches of the dungeon, and saw 7 of its levels.
You also visited: Bailey.

You collected 183 gold pieces.
You spent 123 gold pieces at shops.

Inventory:

Hand Weapons
 a - a +1 war axe of venom (weapon)
Armour
 c - a +0 kite shield (worn)
 n - a +0 cloak (worn)
 s - a +0 plate armour (worn)
Jewellery
 f - a ring of protection from fire (right hand)
Wands
 v - a wand of charming (10)
 w - a wand of acid (8) {@v2}
Scrolls
 b - a scroll of blinking {unknown}
 g - 3 scrolls of magic mapping {unknown}
 i - 2 scrolls of immolation
 j - a scroll of random uselessness {unknown}
 l - a scroll of enchant weapon {unknown}
 o - 2 scrolls of teleportation {unknown}
 p - 2 scrolls of fog {unknown}
 x - a scroll of identify {@r1}
Potions
 d - a potion of might {@q4}
 e - 2 potions of flight
 h - 9 potions of curing {@q1}
 k - a potion of brilliance {unknown}
 m - 2 potions of resistance {unknown}
 q - a potion of heal wounds {unknown}
 r - a potion of attraction {unknown}
 t - 2 potions of magic {unknown}
 u - a potion of mutation {unknown}
 z - a potion of ambrosia {unknown}


   Skills:
 - Level 5.0 Fighting
 - Level 8.0 Axes
 - Level 5.0 Armour
 - Level 5.0 Dodging
 - Level 5.0 Shields
 + Level 5.7 Evocations


You had 7 spell levels left.
You didn't know any spells.
Your spell library contained the following spells:

 Spells                   Type           Power        Failure   Level
 Corona                   Hex            0%           100%        1
 Slow                     Hex            0%           100%        2
 Inner Flame              Hex/Fire       0%           100%        3
 Portal Projectile        Hex/Tloc       0%           100%        3
 Cause Fear               Hex            0%           100%        4
 Leda's Liquefaction      Hex/Erth       0%           100%        4
 Borgnjor's Revivificati  Necr           0%           100%        8
 Infestation              Necr           0%           100%        8
 Necromutation            Tmut/Necr      0%           100%        8
 Death's Door             Necr           0%           100%        9


Dungeon Overview and Level Annotations

Branches:
Dungeon (7/15)             Temple (1/1) D:5          Bailey (1/1)

Altars:
Cheibriados
Dithmenos
Fedhas
Gozag
Hepliaklqana
Kikubaaqudgha
Makhleb
Nemelex Xobeh
Okawaru
Qazlal
Ru
Sif Muna
Trog
Uskayaw
Vehumet
Wu Jian
Xom
Yredelemnul
Zin
The Shining One

Shops:
D:6 *


Innate Abilities, Weirdness & Mutations

You are resistant to damage.
You can heal yourself by infusing magical energy.
You passively map a small area around you.
You do not regenerate.


Message History

The hobgoblin hits you but does no damage.
The goblin hits you with a +0 hand axe.
You closely miss the goblin. You barely miss the hobgoblin.
The hobgoblin hits you but does no damage.
The goblin hits you but does no damage.
You closely miss the goblin. You slash the hobgoblin!
You kill the hobgoblin!
Makhleb accepts your kill. You block the goblin's attack.
You barely miss the goblin.
You hit the orc warrior but do no damage.
The orc warrior is poisoned.
The goblin hits you but does no damage.
The orc warrior hits you but does no damage.
You slash the goblin!
You kill the goblin!
Makhleb accepts your kill.
You hit the orc warrior.
The orc warrior is poisoned.
You barely miss the orc warrior. You block the orc warrior's attack.
The orc warrior hits you but does no damage.
The orc warrior hits you with a +0 battleaxe!
Found a bloodstained altar of Trog.
Items here: )) [[ †.
The orc warrior barely misses you.
There is an open door here.
Unknown command.
You closely miss the orc warrior.
The orc warrior is heavily wounded.
The orc warrior barely misses you.
You slash the orc warrior!
The orc warrior looks even sicker.
The orc warrior is heavily wounded.
You barely miss the orc warrior.
The orc warrior hits you but does no damage.
The orc warrior hits you with a +0 battleaxe.
You closely miss the orc warrior.
The orc warrior is heavily wounded.
You closely miss the orc warrior.
The orc warrior hits you with a +0 battleaxe!!
* * * LOW HITPOINT WARNING * * *
The orc warrior hits you with a +0 battleaxe!!
You die...

##≈≈.......≈≈##
' +≈≈.......≈≈K.
#≈≈.......≈≈##*
##≈.......≈##
####+++####
##.....##
#∩/...(∩#
#...8)..#
##.o@..##
###o### * #)).#
* #.........#*
#.............#
...............
...............*
#.............#
###.$$...?[.###


You could see 2 orc warriors.

Vanquished Creatures
  Joseph (D:7)
  2 orc warriors
  An ice beast (D:5)
  A sky beast (D:6)
  A black bear (D:7)
  An ogre (D:6)
  3 centaurs
  3 phantoms (D:6)
  A bullfrog (D:6)
  A scorpion (D:6)
  A wight (D:7)
  A howler monkey (D:6)
  A quasit (D:6)
  A hound (D:6)
  An orc priest (D:6)
  Crazy Yiuf (D:2)
  Jessica (D:2)
  2 orc wizards
  2 worker ants
  A hound zombie (D:5)
  3 gnolls (D:6)
  7 adders
  An ooze (D:1)
  An adder skeleton (D:6)
  A worm (D:3)
  3 dart slugs (D:1)
  A leopard gecko (D:3)
  8 orcs
  3 giant cockroaches
  7 goblins
  8 hobgoblins
  3 jackals (D:6)
  3 kobolds
  3 quokkas (D:2)
  2 ball pythons
  7 bats
  2 frilled lizards (D:3)
  A jackal zombie (D:7)
  A leopard gecko skeleton (D:6)
  A leopard gecko zombie (D:6)
  7 rats
100 creatures vanquished.

Notes
Turn   | Place    | Note
-------+----------+-------------------------------------------
     0 | D:1      | sahdkjhfkaj the Deep Dwarf Fighter began the quest for the
                  | Orb.
     0 | D:1      | Reached XP level 1. HP: 20/20 MP: 1/1
    90 | D:1      | Reached skill level 1 in Dodging
   141 | D:1      | Reached XP level 2. HP: 27/27 MP: 2/2
   145 | D:1      | Reached skill level 3 in Axes
   333 | D:1      | Reached skill level 1 in Evocations
   464 | D:1      | Reached XP level 3. HP: 27/34 MP: 3/3
   931 | D:2      | Found a sparkling altar of Nemelex Xobeh.
  1007 | D:2      | Found a runed translucent door.
  1008 | D:2      | Noticed Crazy Yiuf
  1031 | D:2      | Noticed Jessica
  1052 | D:2      | Killed Jessica
  1053 | D:2      | Reached skill level 4 in Axes
  1053 | D:2      | Reached XP level 4. HP: 38/42 MP: 3/3
  1310 | D:2      | Killed Crazy Yiuf
  1431 | D:3      | Reached XP level 5. HP: 36/49 MP: 4/4
  1595 | D:3      | You fall into a shaft and drop 3 floors!
  1615 | D:6      | Noticed a centaur
  1617 | D:6      | Noticed an ogre
  1620 | D:6      | Found a shadowy altar of Dithmenos.
  1620 | D:6      | Noticed a phantom
  1624 | D:6      | Killed a phantom
  1640 | D:6      | Killed an ogre
  1641 | D:6      | Reached XP level 6. HP: 45/56 MP: 5/5
  1647 | D:6      | Reached skill level 5 in Axes
  1695 | D:6      | Reached XP level 7. HP: 41/64 MP: 6/6
  1753 | D:5      | Entered Level 5 of the Dungeon
  1778 | D:5      | Found a staircase to the Ecumenical Temple.
  1785 | D:5      | Reached skill level 5 in Armour
  1862 | D:6      | Reached skill level 5 in Shields
  1897 | D:6      | Found Lyklow's Assorted Antiques.
  1935 | D:6      | Bought a runed war axe for 123 gold pieces
  1984 | D:6      | Reached XP level 8. HP: 71/72 MP: 7/7
  2020 | D:6      | Reached skill level 6 in Axes
  2042 | Temple   | Entered the Ecumenical Temple
  2077 | Temple   | Became a worshipper of Makhleb the Destroyer
  2236 | D:6      | Reached skill level 7 in Axes
  2516 | D:6      | Found a hide-covered altar of Uskayaw.
  2730 | D:7      | Reached skill level 5 in Evocations
  2756 | D:7      | Noticed Joseph
  2761 | D:7      | Reached skill level 5 in Dodging
  2777 | D:7      | Killed Joseph
  2778 | D:7      | Reached skill level 8 in Axes
  2845 | D:7      | Found a flagged portal.
  2854 | D:7      | Reached skill level 5 in Fighting
  2857 | Bailey   | Entered a bailey
  2913 | Bailey   | Found a bloodstained altar of Trog.
  2918 | Bailey   | Slain by an orc warrior

Illustrated notes

Levels and vault maps discovered:
D:1:      minmay_arrival_split_and_join, layout_basic
D:2:      layout_rooms, nemelex_xobeh_ov_fountains_minmay,
          uniq_crazy_yiuf_cottage, uniq_jessica
D:3:      layout_basic, grunt_ministairs_9
D:5:      layout_rooms, minmay_temple_entry_from_below_a,
          lightli_sewer_entry_pipes
D:6:      wander_river, layout_gridville, overflow_temple_1_default,
          serial_shops, nicolae_shop_trees, grunt_dithmenos_shadows
D:7:      layout_basic, enter_bailey_2, uniq_menkaure, uniq_joseph
Temple:   kilobyte_greek_temple
Bailey:   bailey_axe_3, bailey

Skill      XL: |  1  2  3  4  5  6  7  8 |
---------------+-------------------------+-----
Dodging        | 1 2 3 4 5 |  5.0
Axes           | 3 4 5 8 |  8.0
Fighting       | 3 4 5 |  5.0
Evocations     | 1 2 3 4 5 |  5.7
Armour         | 4 5 |  5.0
Shields        | 4 5 |  5.0

Action                   |  1- 3 |  4- 6 |  7- 9 || total
-------------------------+-------+-------+-------++-------
Melee: War axe           |    98 |   116 |   201 ||   415
 Abil: Heal Wounds       |     2 |     1 |     9 ||    12
  Use: Scroll            |     2 |     1 |       ||     3
       Potion            |       |       |     1 ||     1
Armor: Scale mail        |     3 |       |       ||     3
       Chain mail        |    42 |    62 |     1 ||   105
       Plate armour      |       |       |   241 ||   241
Dodge: Dodged            |    20 |    30 |    78 ||   128
Block: Kite shield       |    52 |    86 |   164 ||   302

Table legend: (Time is in decaauts)
 A = Elapsed time spent in this place.
 B = Non-inter-level travel time spent in this place.
 C = Inter-level travel time spent in this place.
 D = Time resting spent in this place.
 E = Time spent auto-exploring this place.
 F = Levels seen in this place.
 G = Mean time per level.
                   A        B        C        D        E       F      G
               +--------+--------+--------+--------+--------+-----+--------+
         Total |   3127 |   2961 |    166 |      0 |   1915 |   8 |  390.9 |
       Dungeon |   2991 |   2858 |    133 |      0 |   1912 |   6 |  498.5 |
        Temple |     69 |     36 |     33 |      0 |      0 |   1 |   69.0 |
        Bailey |     66 |     66 |      0 |      0 |      3 |   1 |   66.0 |
               +--------+--------+--------+--------+--------+-----+--------+

Top non-repeatable levels by time:
     D:6: 890 daAuts
     D:1: 856 daAuts
     D:2: 579 daAuts
     D:7: 343 daAuts
     D:3: 257 daAuts
  Temple: 69 daAuts
  Bailey: 66 daAuts
     D:5: 65 daAuts
